 Dungeon Crawl Stone Soup version 0.20-a0-1089-g3fde505 (webtiles) character file.

8784 qqqbard the Cleaver (level 11, -3/99 HPs)
             Began as a Deep Dwarf Fighter on May 2, 2017.
             Was a Priest of Makhleb.
             Slain by a merfolk
             ... wielding a +3 spear
              (14 damage)
             ... on level 9 of the Dungeon.
             The game lasted 00:18:30 (8064 turns).

qqqbard the Cleaver (Deep Dwarf Fighter)            Turns: 8064, Time: 00:18:30

Health: -3/99      AC: 16    Str: 24    XL:     11   Next: 14%
Magic:  6/6        EV:  9    Int:  8    God:    Makhleb [***...]
Gold:   501        SH: 11    Dex: 12    Spells: 10/10 levels left

rFire    . . .     SeeInvis .   a - +0 war axe
rCold    + . .     Gourm    .   c - +0 shield
rNeg     . . .     Faith    .   i - +0 plate armour
rPois    .         Spirit   .   x - +0 helmet
rElec    .         Reflect  .   g - +0 cloak
rCorr    .         Harm     .   (no gloves)
MR       ++...                  (no boots)
Stlth    ..........             (no amulet)
Regen    0.0/turn               F - ring of protection from cold
MPRegen  0.1/turn               o - ring of protection from magic

@: non-regenerating
A: damage resistance, heal wounds, sense surroundings 2, no regeneration
a: Heal Wounds, Minor Destruction, Lesser Servant of Makhleb, Renounce Religion


You were on level 9 of the Dungeon.
You worshipped Makhleb.
Makhleb was most pleased with you.
You were not hungry.

You visited 2 branches of the dungeon, and saw 13 of its levels.

You collected 501 gold pieces.

Inventory:

Hand Weapons
 a - a +0 war axe (weapon)
 M - a +3 hand axe
Armour
 c - a +0 shield (worn)
 g - a +0 cloak (worn)
 h - the +1 scale mail "Femory" {Dex+3}
   (You found it on level 4 of the Dungeon)

   It affects your dexterity (+3).
 i - a +0 plate armour (worn)
 x - a +0 helmet (worn)
Jewellery
 b - an uncursed ring of fire {unknown}
 e - a +5 ring of intelligence
 o - a ring of protection from magic (right hand)
 F - a ring of protection from cold (left hand)
 K - a +4 ring of evasion {unknown}
 S - a +5 ring of dexterity {unknown}
Wands
 r - a wand of lightning (7/15)
 w - a wand of random effects (7/48)
 z - a wand of flame (18/48)
 A - a wand of scattershot (3/9)
 B - a wand of polymorph (11/24)
 H - a wand of lightning (6/15)
 L - a wand of iceblast (5/15)
Scrolls
 j - 3 scrolls of fear {unknown}
 k - 2 scrolls of fog {unknown}
 l - 2 scrolls of recharging {unknown}
 s - 5 scrolls of teleportation
 t - 7 scrolls of remove curse
 u - 2 scrolls of magic mapping {unknown}
 y - 6 scrolls of amnesia
 C - 2 scrolls of enchant armour {unknown}
 D - 2 scrolls of enchant weapon {unknown}
 E - a scroll of blinking {unknown}
 I - a scroll of brand weapon {unknown}
 N - 3 scrolls of identify
 O - a scroll of vulnerability {unknown}
 P - a scroll of immolation {unknown}
Potions
 d - 2 potions of might
 m - a potion of brilliance
 q - 3 potions of haste
 G - 2 potions of curing
 R - a potion of berserk rage
 T - a potion of flight {unknown}
 U - a potion of resistance
Books
 J - a book of Cantrips

   Spells                             Type                      Level
   a - Confusing Touch                Hexes                        1
   b - Animate Skeleton               Necromancy                   1
   c - Summon Small Mammal            Summoning                    1
   d - Apportation                    Translocation                1
 Q - a book of Enchantments

   Spells                             Type                      Level
   a - Cause Fear                     Hexes                        4
   b - Yara's Violent Unravelling     Hexes/Transmutation          5
   c - Silence                        Hexes/Air                    5
   d - Deflect Missiles               Charms/Air                   6
   e - Discord                        Hexes                        8
Comestibles
 f - 6 bread rations
 n - 8 fruits
 p - 3 royal jellies
 v - 4 meat rations
 V - 4 chunks of flesh


   Skills:
 + Level 6.8 Fighting
 * Level 11.4 Axes
 + Level 8.6 Armour
 + Level 7.5 Dodging
 + Level 8.3 Shields


You had 10 spell levels left.
You didn't know any spells.

Dungeon Overview and Level Annotations

Branches:
Dungeon (12/15)            Temple (1/1) D:6            Lair (0/6) D:11
    Orc (0/2) D:11

Altars:
Ashenzari
Cheibriados
Dithmenos
Elyvilon
Fedhas
Gozag
Hepliaklqana
Kikubaaqudgha
Makhleb
Nemelex Xobeh
Okawaru
Qazlal
Ru
Sif Muna
Trog
Uskayaw
Vehumet
Wu Jian
Xom
Yredelemnul
Zin
The Shining One

Shops:
D:4 ?   D:6 }   D:7 *   D:9 [   D:11 }

Annotations:
D:10 Sonja
D:12 koshka's ghost, journeyman DrIE


Innate Abilities, Weirdness & Mutations

You are resistant to damage.
You can heal yourself by infusing magical energy.
You passively map the area around you.
You do not regenerate.


Message History

You barely miss the merfolk.
The merfolk is almost dead.
The merfolk hits you with an enchanted spear.
You hit the merfolk.
The merfolk is almost dead.
The merfolk completely misses you.
You closely miss the merfolk.
The merfolk is almost dead.
The merfolk closely misses you.
You closely miss the merfolk.
The merfolk is almost dead.
The merfolk hits you with an enchanted spear!
* * * LOW HITPOINT WARNING * * *
Your shield and plate armour prevent you from hitting the merfolk.
The merfolk is almost dead.
The merfolk barely misses you.
You closely miss the merfolk.
The merfolk is almost dead.
The merfolk hits you with an enchanted spear!
You die...

### #.## ...# ..####
.###.## ###### ###...#
#....# .###.## ##'##.#
####.## #†@≈#.# # #...#
##m≈#.## ####..##
*%(≈#..### #.#....#
#%.≈#....## ...#..##
######....# ..#..#.##
##.......## .#......#
#......### #..∩...#####
#......#
....#.####.####(....##**


You could see a merfolk.

Vanquished Creatures
  2 two-headed ogres
  The ghost of SFR the Poker, a novice OgWz of Sif Muna (D:7)
  An ugly thing (D:11)
  An orc sorcerer (D:11)
  A cyclops (D:11)
  A hippogriff (D:11)
  4 hungry ghosts
  2 black bears
  2 orc warriors
  4 phantoms
  A hornet zombie (D:8)
  3 ice beasts
  3 ogres
  A necrophage (D:6)
  4 centaurs
  3 big kobolds
  10 bullfrogs
  2 scorpions
  2 troll zombies (D:11)
  6 killer bees (D:11)
  11 wights
  4 howler monkeys
  5 crimson imps
  A bullfrog zombie (D:7)
  2 quasits
  3 hounds
  4 orc priests
  6 orc wizards
  2 centaur skeletons
  Crazy Yiuf (D:6)
  8 worker ants
  2 bullfrog skeletons
  2 iguanas
  4 ogre zombies (D:11)
  2 worker ant zombies
  Robin (D:3)
  3 gnolls (D:6)
  6 adders
  A shadow imp (D:7)
  A white imp (D:7)
  2 oozes
  An adder zombie (D:5)
  4 worms
  4 dart slugs
  9 leopard geckos
  32 orcs
  A ball python (D:4)
  8 giant cockroaches
  15 goblins
  12 hobgoblins
  6 jackals (D:2)
  3 quokkas
  8 bats
  5 frilled lizards
  5 goblin skeletons
  A goblin zombie (D:11)
  2 hobgoblin skeletons (D:11)
  2 hobgoblin zombies
  2 jackal skeletons
  18 kobolds
  2 kobold zombies (D:7)
  A leopard gecko skeleton (D:5)
  3 orc skeletons (D:11)
  10 orc zombies
  A quokka skeleton (D:7)
  6 rats
286 creatures vanquished.

Notes
Turn   | Place    | Note
-------+----------+-------------------------------------------
     0 | D:1      | qqqbard the Deep Dwarf Fighter began the quest for the Orb.
     0 | D:1      | Reached XP level 1. HP: 20/20 MP: 1/1
   119 | D:1      | Reached XP level 2. HP: 25/27 MP: 2/2
   443 | D:1      | Reached XP level 3. HP: 25/33 MP: 3/3
   492 | D:1      | Reached skill level 3 in Axes
   815 | D:2      | Reached skill level 1 in Dodging
  1132 | D:3      | Reached XP level 4. HP: 12/40 MP: 4/4
  1234 | D:3      | Noticed Robin
  1249 | D:3      | Killed Robin
  1394 | D:3      | Noticed an ogre
  1406 | D:3      | Killed an ogre
  1406 | D:3      | Reached skill level 4 in Axes
  1406 | D:3      | Reached XP level 5. HP: 21/49 MP: 4/4
  1500 | D:3      | Found a sparkling altar of Nemelex Xobeh.
  1764 | D:4      | Reached XP level 6. HP: 14/56 MP: 5/5
  1892 | D:4      | Noticed an ice beast
  1898 | D:4      | Killed an ice beast
  1898 | D:4      | Reached skill level 5 in Axes
  2095 | D:4      | Reached XP level 7. HP: 44/63 MP: 6/6
  2279 | D:4      | Found Lygi Roost's Magic Scroll Shoppe.
  2346 | D:4      | Got a smoking scale mail
  2357 | D:4      | Identified the +1 scale mail "Femory" {Dex+3} (You found it on level 4 of the Dungeon)
  2557 | D:5      | Entered Level 5 of the Dungeon
  2557 | D:5      | Found a radiant altar of Vehumet.
  2569 | D:5      | Found a sacrificial altar of Ru.
  2670 | D:5      | Found a white marble altar of Elyvilon.
  2768 | D:5      | Found a shadowy altar of Dithmenos.
  2913 | D:5      | Reached skill level 5 in Armour
  2936 | D:5      | Reached skill level 5 in Shields
  2964 | D:5      | Found a deep blue altar of Sif Muna.
  3049 | D:6      | Reached skill level 6 in Axes
  3052 | D:6      | Reached XP level 8. HP: 20/71 MP: 7/7
  3178 | D:6      | Found Muqivuss's Gadget Shop.
  3373 | D:6      | Reached skill level 7 in Axes
  3415 | D:6      | Found a runed door.
  3456 | D:6      | Found a staircase to the Ecumenical Temple.
  3620 | Temple   | Entered the Ecumenical Temple
  3886 | Temple   | Became a worshipper of Makhleb the Destroyer
  4187 | D:6      | Noticed Crazy Yiuf
  4192 | D:6      | Killed Crazy Yiuf
  4329 | D:7      | HP: 3/73 [orc warrior/war axe (4)]
  4369 | D:7      | Found a glowing silver altar of Zin.
  4395 | D:7      | Found a shimmering altar of Xom.
  4406 | D:7      | Found a glowing golden altar of the Shining One.
  4411 | D:7      | Reached skill level 8 in Axes
  4476 | D:7      | Reached skill level 5 in Dodging
  4670 | D:7      | Found Fyoskeek's General Store.
  4756 | D:7      | Gained mutation: You passively map the area around you. [Deep Dwarf growth]
  4756 | D:7      | Reached XP level 9. HP: 54/80 MP: 6/6
  4813 | D:7      | Noticed SFR's ghost (novice OgWz)
  4852 | D:7      | Killed SFR's ghost
  4852 | D:7      | Reached skill level 5 in Fighting
  5141 | D:7      | Found a blossoming altar of Fedhas.
  5407 | D:7      | Reached skill level 9 in Axes
  5658 | D:8      | Reached * piety under Makhleb
  5694 | D:8      | Found a shimmering altar of Xom.
  5779 | D:8      | Noticed a two-headed ogre
  5800 | D:8      | Killed a two-headed ogre
  5800 | D:8      | Reached XP level 10. HP: 69/91 MP: 7/7
  6379 | D:9      | Reached skill level 10 in Axes
  6543 | D:9      | Found Hathrad's Armour Boutique.
  6626 | D:9      | You fall through a shaft for 3 floors!
  6626 | D:12     | Noticed a green ugly thing
  6626 | D:12     | Noticed koshka's ghost (journeyman DrIE)
  6696 | D:11     | Killed a green ugly thing
  6696 | D:11     | Reached ** piety under Makhleb
  6708 | D:11     | Found a staircase to the Lair.
  6760 | D:11     | Found a staircase to the Orcish Mines.
  6797 | D:11     | Noticed an orc sorcerer
  6813 | D:11     | Killed an orc sorcerer
  6915 | D:11     | Noticed a cyclops
  6926 | D:11     | Reached *** piety under Makhleb
  6936 | D:11     | Killed a cyclops
  6936 | D:11     | Reached skill level 11 in Axes
  7102 | D:11     | Found Zuwet's Gadget Emporium.
  7308 | D:11     | Reached XP level 11. HP: 64/99 MP: 7/7
  7521 | D:10     | Entered Level 10 of the Dungeon
  7601 | D:10     | Noticed Sonja
  7939 | D:9      | Noticed a two-headed ogre
  7956 | D:9      | Killed a two-headed ogre
  8064 | D:9      | Slain by a merfolk

Vault maps used:
D:1:      tarquinn_simple_flora_water_e, minmay_hexomino_f4
D:2:      grunt_decor_cap
D:3:      nemelex_altar_shiori, kennysheep_big_empty_room, uniq_robin
D:4:      serial_shops, shop
D:5:      vehumet_altar_wand_db, lemuel_doored_altar, lemuel_crystal_altar,
          overflow_temple_1_default, kennysheep_little_box, first_bread
D:6:      temple_pool_b, serial_shops, shop, uniq_crazy_yiuf_cottage
D:7:      nicolae_tso_besieged_by_evil, old_standard_altar, kennysheep_mini,
          basic_altar, serial_shops, nicolae_shop_statue_plus
D:8:      nicolae_overflow_crystal_walls
D:9:      serial_shops, shop, hangedman_fish_farm, hex_medium
D:10:     uniq_sonja
D:11:     lair_entry_dummy, zombieorc1_lemuel, serial_shops,
          nicolae_shop_temple_entry_statues_fountains
D:12:     serial_shops, nicolae_shop_stone
Temple:   chequers_temple_sunken

Skill      XL: |  1  2  3  4  5  6  7  8  9 10 |
---------------+-------------------------------+-----
Axes           | 3 4 5 6 8 9 11 | 11.4
Dodging        | 1 2 3 5 6 7 |  7.5
Fighting       | 3 4 5 6 |  6.8
Armour         | 4 5 6 7 8 |  8.6
Shields        | 4 5 6 7 8 |  8.3

Action                   |  1- 3 |  4- 6 |  7- 9 | 10-12 || total
-------------------------+-------+-------+-------+-------++-------
Melee: War axe           |   143 |   133 |   388 |   383 ||  1047
       Hand axe          |       |       |    18 |       ||    18
 Abil: Heal Wounds       |       |     4 |    18 |     5 ||    27
  Use: Scroll            |       |       |     7 |       ||     7
       Potion            |       |       |     3 |     1 ||     4
  Eat: Chunk             |     1 |     4 |    12 |    18 ||    35
       Royal jelly       |       |       |       |     3 ||     3
Armor: Scale mail        |    85 |    64 |    90 |       ||   239
       Plate armour      |       |       |    75 |   227 ||   302
Dodge: Dodged            |    51 |    54 |   160 |   151 ||   416
Block: Shield            |   101 |    77 |   234 |   291 ||   703
